 Dungeon Crawl Stone Soup version 0.28.0-53-g5a82cb258f (webtiles) character file.

Game seed: 594354770033221812

572 raph the Bolt Thrower (level 7, 0/42 HPs)
             Began as a Kobold Hunter on June 15, 2022.
             Slain by a wraith (7 damage)
             ... in an ossuary.
             The game lasted 00:07:44 (6942 turns).

raph the Bolt Thrower (Kobold Hunter)               Turns: 6942, Time: 00:07:44

Health: 0/42       AC:  7    Str:  9    XL:     7   Next: 61%
Magic:  7/7        EV: 17    Int: 13    God:
Gold:   146        SH:  5    Dex: 23    Spells: 6/6 levels left

rFire   . . .      SeeInvis .   b - +2 dagger (venom)
rCold   . . .      Faith    .   (no shield)
rNeg    . . .      Spirit   .   c - +0 leather armour
rPois   .          Reflect  +   (no helmet)
rElec   .          Harm     .   (no cloak)
rCorr   .          Rampage  .   (no gloves)
Will    .....                   (no boots)
Stlth   ++++......              h - amulet of reflection
HPRegen 0.14/turn               k - +4 ring of protection
MPRegen 0.10/turn               j - +6 ring of dexterity

@: mighty, slowed, very slow
A: small, no large weapons, nightstalker 3
a: no special abilities


You were in an ossuary.
You visited 1 branch of the dungeon, and saw 5 of its levels.
You also visited: Ossuary.

You collected 146 gold pieces.

Inventory:

Hand Weapons
 a - a +2 hand crossbow
 b - a +2 dagger of venom (weapon)
 f - a +0 short sword
Missiles
 d - 44 bolts
Armour
 c - a +0 leather armour (worn)
Jewellery
 h - an amulet of reflection (around neck)
 j - a +6 ring of dexterity (right hand)
 k - a +4 ring of protection (left hand)
Potions
 e - 2 potions of curing
 g - 2 potions of might
 i - 2 potions of haste {unknown}
 l - a potion of degeneration {unknown}
 m - a potion of brilliance {unknown}


   Skills:
 + Level 3.9 Fighting
 * Level 4.5 Short Blades
 * Level 7.0 Crossbows
 + Level 4.3 Dodging
 + Level 4.2 Stealth


You had 6 spell levels left.
You didn't know any spells.
Your spell library contained the following spells:

 Spells                   Type           Power      Damage    Failure   Level
 Sting                    Tmut/Pois      0%         1d3       41%         1
 Poisonous Vapours        Pois/Air       0%         N/A       54%         2
 Gell's Gravitas          Tloc           0%         N/A       78%         3
 Lesser Beckoning         Tloc           0%         N/A       78%         3
 Teleport Other           Tloc           0%         N/A       78%         3
 Olgreb's Toxic Radiance  Pois           0%         N/A       99%         4


Dungeon Overview and Level Annotations

Branches:
Dungeon (5/15)            Ossuary (1/1)
 Temple: D:4-7

Altars:
Kikubaaqudgha
Yredelemnul


Innate Abilities, Weirdness & Mutations

You are small and have problems with some larger weapons.
You are completely attuned to the shadows.


Message History

The wraith completely misses you.
You barely miss the wraith.
The wraith is almost destroyed.
The wraith hits you. The wraith drains your vigour!
You feel as though you will be slow longer.
You barely miss the wraith.
The wraith is almost destroyed.
The wraith closely misses you.
You closely miss the wraith.
The wraith is almost destroyed.
The wraith closely misses you.
You hit the wraith but do no damage.
The wraith is almost destroyed.
The wraith misses you.
You completely miss the wraith.
The wraith is almost destroyed.
The wraith closely misses you. You block the wraith's attack.
You closely miss the wraith.
The wraith is almost destroyed.
You block the wraith's attack.
You closely miss the wraith.
The wraith is almost destroyed.
The wraith hits you!
* * * LOW HITPOINT WARNING * * *
The wraith drains your vigour!
You feel as though you will be slow longer.
The wraith closely misses you. The wraith closely misses you.
You block the wraith's attack. The wraith hits you.
* * * LOW HITPOINT WARNING * * *
The wraith drains your vigour!
You feel as though you will be slow longer.
The wraith misses you. The wraith barely misses you.
The wraith barely misses you.
You aren't carrying any scrolls.
The wraith hits you but does no damage. The wraith hits you!
You die...

.......................#
........#.#.....§......#
##......#+#......####..#
+...8...# #...8...'§#..#
##......###......####..#
.......................#
.......................#
#..#.#..#.#..#.#W.#.#..#
#..#+#..#+#..#'#@.#'#..#
#..# #..# #..#!#..#.#..#
#..###..###..###..###..#
.......................#
.......................#
########'''#############
##...## ##.....##
#.......##


You could see a wraith.

Vanquished Creatures
  An ice beast (D:5)
  A water moccasin skeleton (D:4)
  A human zombie (Ossuary)
  A hound (D:4)
  An orc priest (D:5)
  A gnoll shaman (D:5)
  A centaur skeleton (D:4)
  An iguana (D:4)
  2 orc wizards (D:2)
  2 mummies (Ossuary)
  3 adders
  5 gnolls (D:5)
  An ufetubus (D:5)
  An adder skeleton (D:4)
  2 worms (D:4)
  2 dart slugs
  4 orcs
  7 bats
  A bat skeleton (D:4)
  A bat zombie (D:4)
  4 endoplasms
  5 giant cockroaches
  10 goblins
  6 hobgoblins
  11 jackals
  6 kobolds
  2 quokkas
  5 ball pythons
  2 frilled lizards
  A goblin zombie (Ossuary)
  5 hobgoblin zombies (Ossuary)
  2 kobold zombies (Ossuary)
  2 rats
100 creatures vanquished.

Notes
Turn   | Place    | Note
-------+----------+-------------------------------------------
     0 | D:1      | raph the Kobold Hunter began the quest for the Orb.
     0 | D:1      | Reached XP level 1. HP: 12/12 MP: 1/1
   201 | D:1      | Found a faded altar of an unknown god.
   216 | D:1      | Reached skill level 5 in Crossbows
   557 | D:1      | Reached XP level 2. HP: 18/18 MP: 2/2
  1098 | D:1      | Reached XP level 3. HP: 22/22 MP: 3/3
  2066 | D:2      | HP: 1/22 [adder (4)]
  2071 | D:2      | Reached skill level 1 in Short Blades
  2071 | D:2      | Reached XP level 4. HP: 20/27 MP: 4/4
  2461 | D:2      | Found an ancient bone altar of Kikubaaqudgha.
  3089 | D:2      | Reached XP level 5. HP: 20/32 MP: 5/5
  4439 | D:3      | You fall into a shaft and drop 2 floors!
  4439 | D:5      | Entered Level 5 of the Dungeon
  4548 | D:5      | Reached skill level 6 in Crossbows
  4838 | D:5      | Noticed an ice beast
  4991 | D:5      | Reached XP level 6. HP: 28/37 MP: 6/6
  5162 | D:5      | Killed an ice beast
  5636 | D:4      | Reached XP level 7. HP: 32/41 MP: 7/7
  5951 | D:4      | Found a basalt altar of Yredelemnul.
  6150 | D:4      | Found a sand-covered staircase.
  6204 | Ossuary  | Entered an ossuary
  6816 | Ossuary  | Reached skill level 7 in Crossbows
  6894 | Ossuary  | Noticed a wraith
  6942 | Ossuary  | Slain by a wraith

Illustrated notes

Levels and vault maps discovered:
D:1:      tarquinn_simple_flora_water_a, layout_rooms,
          hellmonk_ecumenical_altar_zigzags, chequers_serial_rivers_micro_d
D:2:      layout_basic, basic_altar, corexii_hall_statues_i, kennysheep_path_1
D:3:      layout_basic
D:4:      layout_basic, yredelemnul_forgotten_temple_becter,
          kennysheep_vampire_church, lightli_ossuary_entry_decrepit_ruins
D:5:      layout_loops_ring, lightli_temple_of_fire, minmay_circle_x
Ossuary:  ossuary_kennysheep_city_of_the_dead

Skill      XL: |  1  2  3  4  5  6  7 |
---------------+----------------------+-----
Crossbows      | 5 6 7 |  7.0
Stealth        | 2 3 4 |  4.2
Short Blades   | 1 2 3 4 |  4.5
Dodging        | 3 4 |  4.3
Fighting       | 3 |  3.9

Action                   |  1- 3 |  4- 6 |  7- 9 || total
-------------------------+-------+-------+-------++-------
Melee: Short sword       |   121 |    75 |       ||   196
       Punch             |     1 |     3 |     2 ||     6
       Hand crossbow     |       |     1 |       ||     1
       Dagger            |       |    68 |   107 ||   175
 Fire: Hand crossbow     |    24 |    50 |    19 ||    93
  Use: Scroll            |     1 |       |     5 ||     6
       Potion            |     1 |       |     1 ||     2
 Stab: Sleeping          |     9 |     7 |     7 ||    23
Armor: Leather armour    |    28 |    31 |     7 ||    66
Dodge: Dodged            |   107 |   108 |    64 ||   279
Block: Other             |       |       |     4 ||     4
